 Dungeon Crawl Stone Soup version 0.30.0-15-g856e2d3f33 (webtiles) character file.

Game seed: 5720969706432820858

34 SnakkuSnakku7 the Trooper (level 3, -1/30 HPs)
             Began as a Ghoul Hexslinger on May 20, 2023.
             Slain by Jessica
             ... wielding a +0 club
              (3 damage)
             ... on level 2 of the Dungeon.
             The game lasted 00:01:42 (1120 turns).

SnakkuSnakku7 the Trooper (Ghoul Hexslinger)        Turns: 1120, Time: 00:01:44

Health: -1/30      AC:  8    Str: 15    XL:     3   Next: 31%
Magic:  3/3        EV:  7    Int: 14    God:
Gold:   58         SH:  0    Dex:  9    Spells: 3/4 levels left

rFire   . .          .
                       - Unarmed
rCold   + . .        (no shield)
rNeg    + + +        h - +0 chain mail
rPois   ∞            (no helmet)
rElec   .            (no cloak)
rCorr   .            (no gloves)
SInv    .            (no boots)
Will    .....        k - amulet of faith Stlth
                     d - +6 ring of intelligence
HPRegen 0.00/turn    (no ring)
MPRegen 0.08/turn

%: faith
@: inhibited regen
A: claws 1, cold resistance 1, negative energy resistance 3, inhibited
regeneration, torment resistance 2, devour on kill
a: no special abilities


You were on level 2 of the Dungeon.
You visited 1 branch of the dungeon, and saw 2 of its levels.

You collected 58 gold pieces.

Inventory:

Hand Weapons
 a - a +1 sling
Armour
 c - a +0 robe
 g - a +0 ring mail
 h - a +0 chain mail (worn)
Jewellery
 d - a +6 ring of intelligence (left claw)
 k - an amulet of faith (around neck)
Scrolls
 b - a scroll of poison
 e - 2 scrolls of identify {unknown}
 f - a scroll of amnesia {unknown}
 j - a scroll of noise {unknown}
Potions
 i - a potion of haste {unknown}


   Skills:
 + Level 2.5 Fighting
 - Level 1.7 Ranged Weapons
 - Level 1.7 Dodging
 + Level 2.1 Unarmed Combat
 - Level 1.0 Spellcasting
 - Level 2.4 Hexes


You had 3 spell levels left.
You knew the following spells:

 Your Spells              Type           Power      Damage    Failure   Level
a - Slow                  Hex            28%        N/A       86%         1

Your spell library contained the following spells:

 Spells                   Type           Power      Damage    Failure   Level
 Shock                    Conj/Air       0%         1d3       99%         1
 Inner Flame              Hex/Fire       4%         N/A       100%        3
 Portal Projectile        Hex/Tloc       8%         N/A       100%        3
 Swiftness                Air            0%         N/A       100%        3
 Airstrike                Air            0%         2d(0-16)  100%        4
 Cause Fear               Hex            3%         N/A       100%        4


Dungeon Overview and Level Annotations

Branches:
Dungeon (2/15)

Altars:

Annotations:
D:2 Jessica, Sigmund


Innate Abilities, Weirdness & Mutations

You are immune to poison.
You have sharp fingernails.
Your flesh is cold resistant. (rC+)
You are immune to negative energy. (rN+++)
You do not regenerate when monsters are visible.
You are immune to unholy pain and torment.
You thrive by killing the living.


Message History

Jessica is moderately wounded.
Jessica barely misses you.
You barely miss Jessica.
Jessica is moderately wounded.
Jessica barely misses you.
You scratch Jessica.
Jessica is heavily wounded.
Jessica hits you but does no damage. x2
You closely miss Jessica.
Jessica is heavily wounded.
Jessica hits you but does no damage.
You scratch Jessica.
Jessica is severely wounded.
Jessica hits you but does no damage. Jessica hits you with a +0 club.
You closely miss Jessica.
Jessica is heavily wounded.
Jessica hits you but does no damage.
You scratch Jessica.
Jessica is severely wounded.
Jessica hits you with a +0 club. x2
You are too injured to fight recklessly!
You completely miss Jessica.
Jessica is severely wounded.
Jessica hits you with a +0 club.
* * * LOW HITPOINT WARNING * * *
You are too injured to fight recklessly!
You scratch Jessica.
Jessica is severely wounded.
Jessica hits you but does no damage.
You completely miss Jessica.
Jessica is severely wounded.
Jessica hits you but does no damage.
Jessica mumbles some strange words.
Jessica blinks!
You barely miss Jessica.
Jessica is severely wounded.
Jessica hits you with a +0 club.
* * * LOW HITPOINT WARNING * * *
Jessica hits you with a +0 club.
You die...

###.# #.# #.#
#.# #.#
.#####†###
.......)..#
..........#
........@.#
.........@......
................
..........##...#
##...###.......#
###. #.......# #
........#
........##
.........##


You could see Jessica (fast).

Vanquished Creatures
  2 ball pythons (D:1)
  5 endoplasms (D:1)
  3 hobgoblins
  3 quokkas
  3 bats (D:1)
  3 frilled lizards
  6 goblins
  3 kobolds
  2 rats
30 creatures vanquished.

Notes
Turn   | Place    | Note
-------+----------+-------------------------------------------
     0 | D:1      | SnakkuSnakku7 the Ghoul Hexslinger began the quest for the
                  | Orb.
     0 | D:1      | Reached XP level 1. HP: 16/16 MP: 1/1
   209 | D:1      | Reached skill level 1 in Unarmed Combat
   209 | D:1      | Reached XP level 2. HP: 21/24 MP: 2/2
   422 | D:1      | Found a faded altar of an unknown god.
   555 | D:1      | Reached XP level 3. HP: 29/29 MP: 3/3
   984 | D:2      | Noticed Sigmund
  1089 | D:2      | Noticed Jessica
  1120 | D:2      | Slain by Jessica

Illustrated notes

Levels and vault maps discovered:
D:1:      elethiomel_arrival_infinity_welcomes_careful_drivers, layout_basic,
          ebering_ecumenical_altar_box, minmay_pentomino_r2
D:2:      kennysheep_six_static_rooms, layout_rooms, guppyfry_early_orc_mine,
          uniq_natasha, uniq_sigmund, uniq_jessica

Skill      XL: |  1  2  3 |
---------------+----------+-----
Unarmed Combat | 1 2 |  2.1
Fighting       | 2 |  2.5
Ranged Weapons | |  1.7
Dodging        | |  1.7
Spellcasting   | |  1.0
Hexes          | |  2.4

Action                     || total
---------------------------++-------
  Melee: Unarmed           ||    95
   Fire: Sling             ||    38
 Armour: Robe              ||    11
         Ring mail         ||    10
         Chain mail        ||    35
  Dodge: Dodged            ||    61
